Unix NetHack Version 5.0.0-0 post-release - last build Jun 10 2026 00:39:30 (3ee93aec679c4c4259841fe613dc97188e26a321,branch:main).

Game began 2026-06-10 21:20:02, ended 2026-06-11 13:35:29.

ARFwashere, lawful male dwarven Archeologist

                           --------
                          #.......|
    --------              #|......|                  -------
    |..^...|              #|......|                  |..@..|    -----------
    |......|              #|...^..|     -------   ###-.....|    |.+.**[?..|
    |.>....|            ###|......|     |......# ##  |.....|   #-?.%.%*.%+|
    |......|            #  |...<..|     |.....|####  -.(...|   #|.?+..=?).|
    |......|            #  --.-----     |.....+####  |......##*#|**]..?.()|
    ---.----            #    ##         |.....|  #   |.....|    -----------
       #                #     #        #......|      -------
       #                #     #    #####-------
       ###              #     #   ##
         #              #   --|-- #
         ##             #   |^...#0#
         -.-------------#   |^**|
         |..............#   |.^.+
         |.............|    -----
         ---------------

ARFwashere the Field Worker  St:11 Dx:10 Co:14 In:16 Wi:16 Ch:9  Lawful
Dlvl:5  $:572 HP:0(29) Pw:10(10) AC:2  Xp:3 T:2175  Hungry   Burdened

Latest messages:
 You miss the small mimic.
 You miss the small mimic.
 The small mimic just misses!
 You lash the small mimic.
 You miss the small mimic.
 The small mimic hits!
 You see here 6 arrows (for sale, 18 zorkmids).
 The kitten picks up a spellbook of light.
 The kitten drops a spellbook of light.
 You see here a scroll of remove curse (for sale, 107 zorkmids).
 The kitten picks up a food ration.
 Akranes hits the orc zombie.
 Akranes hits the orc zombie.
 The orc zombie is destroyed!
 The kitten drops a food ration.
 The kitten picks up a worthless piece of yellow glass.
 The kitten drops a worthless piece of yellow glass.
 The kitten picks up a scroll of remove curse.
 The kitten drops a scroll of remove curse.
 You see here a scroll of light (for sale, 67 zorkmids).
 The kitten picks up a scroll of remove curse.
 You do not owe Akranes anything.
 The kitten drops a scroll of remove curse.
 You see here a worthless piece of green glass (for sale, 7 zorkmids).
 The kitten picks up a scroll of remove curse.
 The kitten drops a scroll of remove curse.
 You are beginning to feel hungry.
 You see here a scroll of light (for sale, 67 zorkmids).
 The kitten picks up a thin spellbook.
 The kitten drops a thin spellbook.
 You stop.  Your kitten is in the way!
 The kitten picks up a scroll of remove curse.
 You stop.  Your kitten is in the way!
 The kitten drops a scroll of remove curse.
 The small mimic hits!
 You see here a scroll of remove curse (no charge).
 The kitten picks up an indigo spellbook.
 The kitten drops an indigo spellbook.
 What do you want to read? [hm-quvFK or ?*] p
 As you read the scroll, it disappears.
 Where do you want to be teleported?
 (For instructions type a '?')
 You materialize in a different location!
 You fall down the stairs.
 You die...
 Do you want your possessions identified? [ynq] (y) n
 Do you want to see your attributes? [ynq] (y) n
 Do you want an account of creatures vanquished? [ynaq] (y) n
 Do you want to see your conduct and achievements? [ynq] (y) n
 Do you want to see the dungeon overview? [ynq] (y) n

Inventory:
 Coins    ('$')
  $ - 572 gold pieces
 Weapons  (')')
  a - a +2 bullwhip (weapon in right hand)
 Armor    ('[')
  j - an uncursed +0 orcish helm (being worn)
  l - an uncursed +0 leather cloak (being worn)
  r - an uncursed +0 banded mail (being worn)
 Comestibles  ('%')
  G - an uncursed cram ration
  d - 5 uncursed food rations
  R - an uncursed fortune cookie
  z - 2 cursed pancakes
  H - an uncursed tripe ration
 Scrolls  ('?')
  u - an uncursed scroll of confuse monster
  F - an uncursed scroll of destroy armor
  K - an uncursed scroll of enchant weapon
  v - a blessed scroll of identify
  o - an uncursed scroll of identify
  q - an uncursed scroll of light
  n - an uncursed scroll of remove curse
  h - 2 uncursed scrolls of scare monster
  p - a blessed scroll of teleportation
  m - an uncursed scroll of teleportation
 Potions  ('!')
  t - 2 uncursed potions of healing
  Q - an uncursed potion of paralysis
  k - a blessed potion of see invisible
 Rings    ('=')
  s - an uncursed ring of poison resistance
 Wands    ('/')
  I - a wand of light (0:12)
  L - a wand of speed monster (0:8)
 Tools    ('(')
  i - an uncursed sack containing 1 item
  A - an uncursed figurine of a gelatinous cube
  b - an uncursed leash
  D - a cursed lock pick
  f - a tinning kit (0:88)
 Gems/Stones  ('*')
  g - an uncursed touchstone

Contents of the sack:
  a +0 pick-axe

ARFwashere the Archeologist's attributes:

Background:
 You were a Field Worker, a level 3 male dwarven Archeologist.
 You were lawful, nominally on a mission for Quetzalcoatl
 who was opposed by Camaxtli (neutral) and Huhetotl (chaotic).
 You were right-handed.
 You were in the Gnomish Mines, on level 5.
 You entered the dungeon 2175 turns ago.
 You had 57 experience points, 23 more were needed to attain level 4.

Basics:
 You had 0 out of 29 hit points.
 You had all 10 energy points (spell power).
 Your armor class was 2.
 Your wallet contained 572 zorkmids.
 Autopickup was on for '$' plus thrown.

Final Characteristics:
 Your strength was 11 (limit:18/100).
 Your dexterity was 10 (limit:20).
 Your constitution was 14 (limit:20).
 Your intelligence was 16 (limit:16).
 Your wisdom was 16 (limit:16).
 Your charisma was 9 (limit:16).

Final Status:
 You were hungry.
 You were burdened; movement was slightly slowed.
 You were wielding a whip.
 You had basic skill with whip.

Final Attributes:
 You were piously aligned.
 You were telepathic.
 You had automatic searching.
 You had infravision.
 You were warded.
 Your spell casting was impaired by metallic armor.
 You are dead.

Miscellaneous:
 You didn't encounter any bones levels.
 Total elapsed playing time was 1 hour, 5 minutes and 13 seconds.

Major events:
 Turn
    1: ARFwashere the lawful male dwarven Archeologist entered the dungeon
 1718: attained the rank of Field Worker (level 3)
 2175: killed by tumbling down a flight of stairs

Spells:
 Name                 Level Category     Fail Retention
 light                  1   divination   100%  76%-100%

Skills:
 Fighting Skills
   bare handed combat [Unskilled]
   two weapon combat  [Unskilled]
   riding             [Unskilled]
 Weapon Skills
   dagger             [Unskilled]
   knife              [Unskilled]
   pick-axe           [Basic]
   short sword        [Unskilled]
   saber              [Unskilled]
   club               [Unskilled]
   quarterstaff       [Unskilled]
   sling              [Unskilled]
   dart               [Unskilled]
   boomerang          [Unskilled]
   whip               [Basic]
   unicorn horn       [Unskilled]
 Spellcasting Skills
   attack spells      [Unskilled]
   healing spells     [Unskilled]
   divination spells  [Unskilled]
   matter spells      [Unskilled]

Voluntary challenges:
 Character rerolling was not enabled.
 You were an atheist.
 You never genocided any monsters.
 You never polymorphed an object.
 You never changed form.
 You used no wishes.
Achievements:
 You entered a shop.
 You attained the rank of Field Worker.

 The Dungeons of Doom: levels 1 to 5
    Level 1:
       A fountain.
    Level 2:
       A general store.
    Level 3:
    Level 4:
       A general store.
       Stairs down to The Gnomish Mines.
    Level 5:
 The Gnomish Mines:
    Level 5: <- You were here.
       Final resting place for
          you, killed by tumbling down a flight of stairs.


Vanquished creatures:
  a floating eye
  a giant bat
 an orc zombie
 an iguana
 an acid blob
  a gas spore
  a hobgoblin
  a garter snake
  a gecko
  6 jackals
  3 foxes
  3 kobolds
  a goblin
  4 sewer rats
  5 grid bugs
  2 lichens
  4 newts
37 creatures vanquished.

No species were genocided or became extinct.

Game over:
                       ----------
                      /          \
                     /    REST    \
                    /      IN      \
                   /     PEACE      \
                  /                  \
                  |    ARFwashere    |
                  |      572 Au      |
                  |    killed by     |
                  | tumbling down a  |
                  | flight of stairs |
                  |                  |
                  |       2026       |
                 *|     *  *  *      | *
        _________)/\\_//(\/(/\)/\//\/|_)_______

Goodbye ARFwashere the Archeologist...

You died in The Gnomish Mines on dungeon level 5 with 943 points,
and 572 pieces of gold, after 2175 moves.
You were level 3 with a maximum of 29 hit points when you died.

